 Dungeon Crawl Stone Soup version 0.31-a0-479-g91c9547826 (webtiles) character file.

Game seed: 14508969448529723403

7 Morbidden the Gusty (level 1, 0/14 HPs)
             Began as a Demonspawn Air Elementalist on Aug 7, 2023.
             Slain by a goblin
             ... wielding a +2 dagger of holy wrath
              (3 damage)
             ... on level 1 of the Dungeon.
             The game lasted 00:00:26 (315 turns).

Morbidden the Gusty (Demonspawn Air Elementalist)    Turns: 315, Time: 00:00:26

Health: 0/14       AC:  2    Str:  8    XL:     1   Next: 83%
Magic:  0/3        EV: 12    Int: 16    God:
Gold:   0          SH:  0    Dex: 13    Spells: 3/4 levels left

rFire   . . .        (no weapon)
rCold   . . .        (no shield)
rNeg    . . .        a - +0 robe
rPois   .            (no helmet)
rElec   .            (no cloak)
rCorr   .            (no gloves)
SInv    .            (no boots)
Will    .....        (no amulet)
Stlth   ++           (no ring)
HPRegen 0.22/turn    (no ring)
MPRegen 0.08/turn

%: no passive effects
@: no status effects
A: no striking features
a: no special abilities


You were on level 1 of the Dungeon.
You visited 1 branch of the dungeon, and saw 1 of its levels.

Inventory:

Armour
 a - a +0 robe (worn)
Scrolls
 b - a scroll of vulnerability {unknown}
 c - a scroll of identify {unknown}


   Skills:
 * Level 0.4 Fighting
 * Level 1.8 Dodging
 + Level 1.7 Stealth
 * Level 2.0 Spellcasting
 * Level 1.0 Conjurations
 * Level 3.0 Air Magic


You had 3 spell levels left.
You knew the following spells:

 Your Spells              Type           Power      Damage    Failure   Level
a - Shock                 Conj/Air       32%        1d5       9%          1

Your spell library contained the following spells:

 Spells                   Type           Power      Damage    Failure   Level
 Static Discharge         Conj/Air       16%        2-3/arc   14%         2
 Swiftness                Air            11%        N/A       19%         3
 Airstrike                Air            5%         2d(1-17)  52%         4


Dungeon Overview and Level Annotations

Branches:
Dungeon (1/15)

Altars:


Message History

Casting: Shock (safe; 9% risk of failure)
Confirm with . or Enter, or press ? or * to list all spells.
You don't have enough magic to cast this spell.
There are monsters nearby!
You are too injured to fight recklessly!
Unknown command.
Casting: Shock (safe; 9% risk of failure)
Confirm with . or Enter, or press ? or * to list all spells.
You don't have enough magic to cast this spell.
There are monsters nearby!
You are too injured to fight recklessly!
You are too injured to fight recklessly!
Casting: Shock (safe; 9% risk of failure)
Confirm with . or Enter, or press ? or * to list all spells.
You don't have enough magic to cast this spell.
Casting: Shock (safe; 9% risk of failure)
Confirm with . or Enter, or press ? or * to list all spells.
You don't have enough magic to cast this spell.
Casting: Shock (safe; 9% risk of failure)
Confirm with . or Enter, or press ? or * to list all spells.
You don't have enough magic to cast this spell.
Unknown command.
Casting: Shock (safe; 9% risk of failure)
Confirm with . or Enter, or press ? or * to list all spells.
You don't have enough magic to cast this spell.
Unknown command.
Casting: Shock (safe; 9% risk of failure)
Confirm with . or Enter, or press ? or * to list all spells.
You don't have enough magic to cast this spell.
Unknown command.
Unknown command.
Unknown command.
Your magical contamination has completely faded away.
The giant cockroach attacks as you move away!
The giant cockroach closely misses you. The goblin attacks as you move away!
The goblin hits you with a +2 dagger of holy wrath.
* * * LOW HITPOINT WARNING * * *
You convulse.
You die...

###............###.######.
#............#.# #.# ##
.............#.###.###
.............#†......#
.............##......#
.............##......#
.>.......##.###......#
........g##.# #......#
........B@..# #......#
.........#### #......#
.........# #......#
..w......# .........#
.........# ......=.##
......#


You could see a dart slug, a giant cockroach and a goblin.

Vanquished Creatures
  A dart slug (D:1)
  A bat (D:1)
  A quokka (D:1)
  A ball python (D:1)
  A frilled lizard (D:1)
5 creatures vanquished.

Notes
Turn   | Place    | Note
-------+----------+-------------------------------------------
     0 | D:1      | Morbidden the Demonspawn Air Elementalist began the quest
                  | for the Orb.
     0 | D:1      | Reached XP level 1. HP: 13/13 MP: 3/3
   258 | D:1      | Reached skill level 3 in Air Magic
   315 | D:1      | Slain by a goblin

Illustrated notes

Levels and vault maps discovered:
D:1:      dpeg_arrival_lava_temple_mockup, layout_rooms

Skill      XL: |  1 |
---------------+----+-----
Air Magic      | 3 |  3.0
Fighting       | |  0.4
Dodging        | |  1.8
Stealth        | |  1.7
Spellcasting   | |  2.0
Conjurations   | |  1.0

Action                     || total
---------------------------++-------
  Melee: Unarmed           ||    26
   Cast: Shock             ||    14
    Use: Potion            ||     1
 Armour: Robe              ||     3
  Dodge: Dodged            ||    34

Table legend: (Time is in decaauts)
 A = Elapsed time spent in this place.
 B = Non-inter-level travel time spent in this place.
 C = Inter-level travel time spent in this place.
 D = Time resting spent in this place.
 E = Time spent auto-exploring this place.
 F = Levels seen in this place.
 G = Mean time per level.
                   A        B        C        D        E       F      G
               +--------+--------+--------+--------+--------+-----+--------+
         Total |    315 |    315 |      0 |    136 |    117 |   1 |  315.0 |
       Dungeon |    315 |    315 |      0 |    136 |    117 |   1 |  315.0 |
               +--------+--------+--------+--------+--------+-----+--------+

Top non-repeatable levels by time:
     D:1: 315 daAuts
